 Dungeon Crawl Stone Soup version 0.28.0-43-g3370ac3207 (webtiles) character file.

Game seed: 1674075864775598503

39 Icepheonix32 the Covert (level 3, -5/19 HPs)
             Began as a Spriggan Delver on Mar 21, 2022.
             Slain by a scorpion (6 damage)
             ... on level 4 of the Dungeon.
             The game lasted 00:01:31 (726 turns).

Icepheonix32 the Covert (Spriggan Delver)            Turns: 726, Time: 00:01:31

Health: -5/19      AC:  2    Str:  8    XL:     3   Next: 26%
Magic:  4/4        EV: 17    Int: 11    God:
Gold:   25         SH:  0    Dex: 18    Spells: 2/2 levels left

rFire   . . .      SeeInvis +   h - +0 rapier
rCold   . . .      Faith    .   (no shield)
rNeg    . . .      Spirit   .   b - +0 robe
rPois   .          Reflect  .   (helmet restricted)
rElec   .          Harm     .   (no cloak)
rCorr   .          Rampage  .   (gloves unavailable)
Will    .....                   (boots unavailable)
Stlth   ++++......              (no amulet)
HPRegen 0.06/turn               (no ring)
MPRegen 0.09/turn               (no ring)

@: hasted, very quick
A: very small, no large weapons, unfitting armour, see invisible, speed 3
a: no special abilities


You were on level 4 of the Dungeon.
You visited 2 branches of the dungeon, and saw 3 of its levels.

You collected 25 gold pieces.

Inventory:

Hand Weapons
 a - a +0 short sword
 h - a +0 rapier (weapon)
Armour
 b - a +0 robe (worn)
Wands
 g - a wand of digging (8)
 i - a wand of mindburst (19)
Scrolls
 c - a scroll of fog
 d - a scroll of magic mapping
 e - a scroll of fear
 j - a scroll of vulnerability {unknown}


   Skills:
 - Level 2.4 Fighting
 - Level 2.1 Short Blades
 - Level 2.6 Dodging
 + Level 8.9 Stealth


You had 2 spell levels left.
You didn't know any spells.
Your spell library was empty.

Dungeon Overview and Level Annotations

Branches:
Dungeon (5/15)             Temple (1/1) D:5

Altars:
Ashenzari
Cheibriados
Elyvilon
Fedhas
Kikubaaqudgha
Makhleb
Nemelex Xobeh
Qazlal
Vehumet
Zin


Innate Abilities, Weirdness & Mutations

You are very small and have problems with some larger weapons.
You are too small for most types of armour.
You have supernaturally acute eyesight. (SInv)
You cover ground extremely quickly. (Speed+++)


Message History

You are too injured to fight recklessly!
You are too injured to fight recklessly!
Unknown command.
You feel yourself speed up. The scorpion stings you.
You barely miss the scorpion. Your punch misses the scorpion.
The scorpion is heavily wounded.
The scorpion misses you.
You hit the scorpion but do no damage.
The scorpion is heavily wounded.
The scorpion misses you.
You hit the scorpion.
The scorpion is severely wounded.
You hit the scorpion.
The scorpion is severely wounded.
The scorpion misses you.
You hit the scorpion.
The scorpion is severely wounded.
The scorpion barely misses you.
You closely miss the scorpion.
The scorpion is severely wounded.
The scorpion closely misses you.
You hit the scorpion.
The scorpion is severely wounded.
You barely miss the scorpion.
The scorpion is severely wounded.
The scorpion completely misses you.
You closely miss the scorpion.
The scorpion is severely wounded.
The scorpion closely misses you.
You hit the scorpion but do no damage.
The scorpion is severely wounded.
The scorpion misses you.
You hit the scorpion.
The scorpion is almost dead.
The scorpion stings you.
* * * LOW HITPOINT WARNING * * *
You hit the scorpion.
The scorpion is almost dead.
The scorpion stings you.
You die...

...........#
#.#
........####
#)# ######..#
#.# #..# #.#
# #..# #.#
?..###..#####
#.#
#..........#
#>#
#..##..###.#
#># #. #.@#
#.# # #.s#
#.# #.>....#
#.# #.......#
#.# #.#......
#.# .........
#.#
.....###..
..... ..
..... .##


You could see a scorpion.

Vanquished Creatures
  A bullfrog zombie (D:5)
  An ufetubus (D:5)
  A quokka (D:5)
  A ball python (D:4)
4 creatures vanquished.

Notes
Turn   | Place    | Note
-------+----------+-------------------------------------------
     0 | D:5      | Icepheonix32 the Spriggan Delver began the quest for the
                  | Orb.
     0 | D:5      | Reached XP level 1. HP: 11/11 MP: 2/2
    83 | D:5      | Reached skill level 8 in Stealth
    83 | D:5      | Reached XP level 2. HP: 5/16 MP: 3/3
    83 | D:5      | Reached XP level 3. HP: 6/19 MP: 4/4
   325 | D:5      | Found a staircase to the Ecumenical Temple.
   329 | D:5      | Noticed a scorpion
   336 | Temple   | Entered the Ecumenical Temple
   515 | D:5      | Noticed a sky beast
   702 | D:4      | Noticed a scorpion
   726 | D:4      | Slain by a scorpion

Illustrated notes

Levels and vault maps discovered:
D:4:      layout_loops_ring, serial_shops, nicolae_take_the_stairs,
          uniq_duvessa, uniq_pikel
D:5:      layout_loops_corners, old_standard_altar, minmay_temple_entry_glass,
          kennysheep_generic_room_13, uniq_prince_ribbit1
Temple:   eino_temple_lava

Skill      XL: |  1 |
---------------+----+-----
Stealth        | 8 |  8.9
Fighting       | |  2.4
Short Blades   | |  2.1
Dodging        | |  2.6

Action                   || total
-------------------------++-------
Melee: Rapier            ||    42
  Use: Potion            ||     1
Armor: Robe              ||     4
Dodge: Dodged            ||    44
